[Event "IX Chess Masters Final 2016"]
[Site "Bilbao"]
[Date "2016.07.15"]
[Round "3"]
[White "Nakamura, Hikaru"]
[Black "Wei, Yi"]
[Result "1/2-1/2"]
[ECO "D41"]
[WhiteElo "2787"]
[BlackElo "2696"]
[PlyCount "69"]
[EventCountry "ESP"]
[TimeControl "40/5400:3600+10"]

1. Nf3 d5 2. d4 Nf6 3. c4 e6 4. Nc3 c5 5. cxd5 Nxd5 6. e4 Nxc3 7. bxc3 cxd4 8.
cxd4 Bb4+ 9. Bd2 Bxd2+ 10. Qxd2 O-O 11. Bc4 Nd7 12. O-O b6 13. Rfe1 Bb7 14. a4
Rc8 15. Bd3 a5 16. Bb5 h6 17. Qb2 Bc6 18. Rad1 Bxb5 19. Qxb5 Qc7 20. d5 exd5
21. exd5 Qd6 22. Nd4 Rc5 23. Qf1 Rxd5 24. Nf5 Rxd1 25. Nxd6 Rxd6 26. Rd1 Rxd1
27. Qxd1 Nc5 28. h4 Re8 29. h5 Re6 30. f4 Kh7 31. Qd5 Rf6 32. Qe5 Re6 33. Qd5
Rf6 34. Qe5 Re6 35. Qd5 1/2-1/2